 Dungeon Crawl Stone Soup version 0.21-a0-263-gf26e180 (webtiles) character file.

12567 CakeIsGreat the Fighter (level 11, -14/73 HPs)
             Began as a Gargoyle Fighter on Sept 7, 2017.
             Was a High Priest of Okawaru.
             Demolished by a komodo dragon (22 damage)
             ... on level 1 of the Lair of Beasts on Sept 8, 2017.
             The game lasted 00:30:35 (11341 turns).

CakeIsGreat the Fighter (Gargoyle Fighter)         Turns: 11341, Time: 00:30:35

Health: -14/73     AC: 23    Str: 23    XL:     11   Next: 95%
Magic:  14/14      EV:  3    Int:  9    God:    Okawaru [*****.]
Gold:   604        SH:  0    Dex:  9    Spells: 10/10 levels left

rFire    . . .     SeeInvis .   G - +4 flail (holy)
rCold    . . .     Gourm    .   c - +1 shield
rNeg     + . .     Faith    .   Q - +0 plate armour
rPois    ∞         Spirit   .   (helmet restricted)
rElec    +         Reflect  .   (no cloak)
rCorr    .         Harm     .   B - +0 pair of gloves
MR       +....                  (no boots)
Stlth    ..........             (no amulet)
HPRegen  0.22/turn              o - ring of protection from magic
MPRegen  0.14/turn              s - ring of stealth

@: held
A: horns 1, negative energy resistance 1, electricity resistance, unbreathing,
petrification resistance, rot immunity, AC +7
a: Heroism, Finesse, Renounce Religion


You were on level 1 of the Lair of Beasts.
You worshipped Okawaru.
Okawaru was extremely pleased with you.
You were not hungry.

You visited 3 branches of the dungeon, and saw 14 of its levels.

You collected 604 gold pieces.

Inventory:

Hand Weapons
 x - a +1 mace of holy wrath
 G - a +4 flail of holy wrath (weapon)
 N - a +0 mace of draining
 R - a +0 whip of flaming
Missiles
 a - 3 javelins of returning
 i - 342 stones
 y - 12 tomahawks (quivered)
Armour
 c - a +1 shield (worn)
 l - a +0 large shield
 r - a cursed +0 ring mail
 B - a +0 pair of gloves (worn)
 F - a +3 leather armour
 Q - a +0 plate armour (worn)
 W - a +0 ring mail of cold resistance
Jewellery
 e - an uncursed ring of wizardry
 n - an uncursed ring of magical power
 o - a ring of protection from magic (left hand)
 s - a ring of stealth (right hand)
 w - an uncursed ring of poison resistance
 K - an uncursed ring of wizardry
Wands
 m - a wand of polymorph (0/24)
 p - a wand of random effects (35/48)
 A - a wand of digging (6/24)
 C - a wand of acid (0/15)
 E - a wand of random effects (0/48)
 J - a wand of flame (0/48)
 O - a wand of paralysis (6/24)
 S - a wand of digging (12/24)
Scrolls
 b - 2 scrolls of amnesia
 g - 2 scrolls of enchant armour
 j - a scroll of teleportation
 t - 7 scrolls of identify
 M - 3 scrolls of remove curse
 Z - a scroll of fog
Potions
 d - 5 potions of might
 h - 5 potions of curing
 k - 4 potions of resistance
 q - 4 potions of lignification
 v - 3 potions of heal wounds
 I - a potion of cancellation
 T - a potion of flight
 U - a potion of brilliance
 X - 4 potions of agility
 Y - a potion of invisibility
Books
 z - a book of Minor Magic

   Spells                             Type                      Level
   a - Magic Dart                     Conjuration                  1
   b - Blink                          Translocation                2
   c - Call Imp                       Summoning                    2
   d - Slow                           Hexes                        2
   e - Conjure Flame                  Conjuration/Fire             3
   f - Mephitic Cloud                 Conjuration/Poison/Air       3
 L - a book of Conjurations

   Spells                             Type                      Level
   a - Magic Dart                     Conjuration                  1
   b - Searing Ray                    Conjuration                  2
   c - Dazzling Spray                 Conjuration/Hexes            3
   d - Fulminant Prism                Conjuration/Hexes            4
   e - Force Lance                    Conjuration/Translocation    4
   f - Iskenderun's Mystic Blast      Conjuration                  4
 V - a book of Fire

   Spells                             Type                      Level
   a - Ignite Poison                  Fire/Transmutation/Poison    3
   b - Fireball                       Conjuration/Fire             5
   c - Bolt of Fire                   Conjuration/Fire             6
   d - Ring of Flames                 Charms/Fire                  7
   e - Ignition                       Fire                         8
Comestibles
 f - 14 bread rations
 u - 9 fruits
 D - 7 chunks of flesh
 H - 3 royal jellies
 P - 7 meat rations


   Skills:
 * Level 10.4 Fighting
 * Level 9.1 Maces & Flails
 + Level 5.3 Throwing
 * Level 10.3 Armour
 + Level 7.3 Shields
 + Level 3.5 Invocations
 + Level 4.8 Evocations


You had 10 spell levels left.
You didn't know any spells.

Dungeon Overview and Level Annotations

Branches:
Dungeon (11/15)            Temple (1/1) D:4            Lair (2/6) D:11
  Swamp: Lair:2-4    Shoals: Lair:2-4     Snake: Lair:2-4    Spider: Lair:2-4
    Orc: D:9-12

Altars:
Ashenzari
Cheibriados
Dithmenos
Elyvilon
Fedhas
Gozag
Hepliaklqana
Kikubaaqudgha
Makhleb
Nemelex Xobeh
Okawaru
Qazlal
Ru
Sif Muna
Trog
Uskayaw
Vehumet
Wu Jian
Xom
Yredelemnul
Zin
The Shining One

Shops:
D:8 :

Annotations:
Lair:1 Harold


Innate Abilities, Weirdness & Mutations

You are resistant to torment.
Your stone body is resilient. (AC +7)
You are immune to poison.
You resist negative energy. (rN+)
You are resistant to electric shocks. (rElec)
You can survive without breathing.
You are immune to petrification.
You are immune to rotting.
You have a pair of small horns on your head.


Message History

You see here a throwing net.
You tear a large gash into the net.
The bullfrog hits you but does no damage.
Harold mumbles some strange words.
Harold blinks!
The bullfrog hits you but does no damage.
The komodo dragon bites you!
You struggle against the net.
The bullfrog hits you but does no damage.
The komodo dragon bites you!
* * * LOW HITPOINT WARNING * * *
You rip the net and break free!
The bullfrog barely misses you.
Harold throws a throwing net.
The throwing net hits you.
You become entangled in the net!
The bullfrog hits you but does no damage.
The komodo dragon barely misses you.
You struggle against the net.
The bullfrog hits you but does no damage.
The komodo dragon bites you!!
You die...

. ##...P....#...## #.'## ##
#....P.........#### ##..#
##..........(#....# ##..##
#......(.....#...####..##
##................##...#
###...#...........#.....##
#.....###...............######
#.....# ##.@..H.....#.....#.#.
#.....# ##..@F.....#..[......
##.....### #...l........#P##...
#......<.# #...........########
###........####..........##
##..........# ##..........##
............# #...........#
............## ##(........## ###
#............####..........# ##..
#.............##...........###...


You could see Harold, a komodo dragon, a hippogriff and a bullfrog.

Vanquished Creatures
  A hydra (Lair:1)
  3 death yaks (D:11)
  Urug (D:10)
  Pikel (D:7)
  A spiny frog (Lair:1)
  A komodo dragon (Lair:1)
  3 blink frogs (Lair:1)
  A hippogriff (Lair:1)
  A spriggan (D:7)
  A wyvern (D:9)
  6 yaks (D:11)
  Edmund (D:6)
  3 water moccasins
  Duvessa (D:5)
  An ice beast (D:5)
  2 porcupines
  3 orc warriors
  A sky beast (D:9)
  A slave (D:7)
  A phantom (D:6)
  A necrophage (D:10)
  7 centaurs
  4 wolves (Lair:1)
  5 ogres
  2 crocodiles
  11 bullfrogs
  Blork the orc (D:4)
  Dowan (D:5)
  A water moccasin zombie (D:6)
  A wyvern skeleton (D:7)
  6 scorpions
  A water moccasin skeleton (D:6)
  3 killer bees (D:9)
  12 wights
  3 jellies
  3 electric eels (D:9)
  4 howler monkeys
  4 crimson imps
  2 centaur zombies
  A bullfrog zombie (D:11)
  4 bullfrog skeletons
  7 hounds
  4 orc priests
  9 orc wizards
  Jessica (D:3)
  9 worker ants
  2 iguanas (D:4)
  A killer bee zombie (D:10)
  A hound skeleton (D:8)
  A worker ant zombie (D:9)
  10 adders
  3 gnolls (D:10)
  A river rat (D:11)
  3 shadow imps
  2 oozes (D:2)
  2 adder skeletons (D:7)
  3 worms
  3 leopard geckos
  24 orcs
  13 bats
  6 giant cockroaches
  A goblin (D:2)
  9 hobgoblins
  3 jackals (D:6)
  2 quokkas
  A ball python (D:3)
  7 frilled lizards
  8 kobolds
  A leopard gecko skeleton (D:4)
  2 quokka skeletons
  3 rats (D:3)
  A bush (Lair:2)
254 creatures vanquished.

Vanquished Creatures (others)
  A quokka (D:9)
1 creature vanquished.

Grand Total: 255 creatures vanquished

Notes
Turn   | Place    | Note
-------+----------+-------------------------------------------
     0 | D:1      | CakeIsGreat the Gargoyle Fighter began the quest for the Orb.
     0 | D:1      | Reached XP level 1. HP: 14/14 MP: 1/1
   177 | D:1      | Reached XP level 2. HP: 19/19 MP: 2/2
   577 | D:2      | Reached XP level 3. HP: 21/24 MP: 3/3
   650 | D:2      | Found a shadowy altar of Dithmenos.
   700 | D:2      | Reached skill level 1 in Throwing
  1127 | D:3      | Reached XP level 4. HP: 28/29 MP: 4/4
  1308 | D:3      | Reached XP level 5. HP: 34/34 MP: 5/5
  1360 | D:3      | Noticed Jessica
  1365 | D:3      | Killed Jessica
  2122 | D:4      | Reached XP level 6. HP: 33/39 MP: 6/6
  2234 | D:4      | Reached skill level 5 in Armour
  2428 | D:4      | Noticed Blork the orc
  2435 | D:4      | Killed Blork the orc
  2435 | D:4      | Reached skill level 5 in Fighting
  2470 | D:4      | Reached XP level 7. HP: 44/44 MP: 7/7
  2561 | D:4      | Found a staircase to the Ecumenical Temple.
  2568 | Temple   | Entered the Ecumenical Temple
  2745 | D:4      | Found a white marble altar of Elyvilon.
  2890 | D:5      | Entered Level 5 of the Dungeon
  2908 | D:5      | Reached skill level 1 in Evocations
  3249 | D:5      | Found a shimmering altar of Xom.
  3250 | D:5      | Found a shimmering altar of Xom.
  3250 | D:5      | Found a shimmering altar of Xom.
  3256 | D:5      | Found a shimmering altar of Xom.
  3256 | D:5      | Found a shimmering altar of Xom.
  3265 | D:5      | Noticed Duvessa
  3293 | D:5      | Noticed Dowan
  3302 | D:5      | Killed Duvessa
  3307 | D:5      | Killed Dowan
  3307 | D:5      | Reached XP level 8. HP: 45/51 MP: 7/9
  3355 | D:5      | Found an iron altar of Okawaru.
  3385 | D:5      | Noticed Sigmund
  3386 | D:5      | HP: 2/51 [Sigmund/magic dart (7)]
  3393 | D:5      | Gained mutation: You evolve. [potion of mutation]
  3393 | D:5      | Gained mutation: You have a pair of small horns on your head. [potion of mutation]
  3403 | D:5      | Noticed Sigmund
  3403 | D:5      | Sigmund changed into Sigmund the worm
  3408 | D:5      | Killed Sigmund the worm
  3795 | D:6      | Noticed Edmund
  3923 | D:6      | Reached skill level 5 in Maces & Flails
  4115 | D:6      | Killed Edmund
  4301 | D:6      | Lost mutation: You evolve. [evolution]
  4439 | D:6      | Reached skill level 5 in Shields
  4653 | D:7      | Reached XP level 9. HP: 56/56 MP: 10/10
  5147 | D:7      | Found an iron altar of Okawaru.
  5155 | D:7      | Became a worshipper of Warmaster Okawaru
  5506 | D:7      | Noticed Pikel
  5541 | D:7      | Killed Pikel
  5541 | D:7      | Reached * piety under Okawaru
  6274 | D:8      | Found Hiddyon's Book Emporium.
  6351 | D:8      | Reached XP level 10. HP: 23/64 MP: 12/12
  6620 | D:8      | Reached ** piety under Okawaru
  6853 | D:8      | Found a sparkling altar of Nemelex Xobeh.
  6853 | D:8      | Found an ornate altar of the Wu Jian Council.
  7803 | D:9      | Found a glowing silver altar of Zin.
  8072 | D:9      | Found a basalt altar of Yredelemnul.
  8393 | D:10     | Entered Level 10 of the Dungeon
  8560 | D:10     | Noticed Urug
  8621 | D:10     | Killed Urug
  8621 | D:10     | Reached *** piety under Okawaru
  9228 | D:11     | Reached skill level 1 in Invocations
  9235 | D:11     | Reached **** piety under Okawaru
  9250 | D:11     | Received a gift from Okawaru
  9250 | D:11     | Reached XP level 11. HP: 63/71 MP: 12/14
  9566 | D:11     | Upgraded the game from 0.21-a0-260-g9b2435e to 0.21-a0-263-gf26e180
  9666 | D:11     | Found a staircase to the Lair.
  9667 | D:11     | Noticed a death yak
  9667 | D:11     | Noticed a death yak
  9668 | D:11     | Noticed a death yak
  9679 | D:11     | Killed a death yak
  9702 | D:11     | Killed a death yak
  9702 | D:11     | Reached skill level 5 in Throwing
  9719 | D:11     | Killed a death yak
  9719 | D:11     | Reached ***** piety under Okawaru
  9719 | D:11     | Reached skill level 10 in Fighting
  9989 | Lair:1   | Entered Level 1 of the Lair of Beasts
 10009 | Lair:1   | Reached skill level 10 in Armour
 10045 | Lair:1   | Noticed a seven-headed hydra
 10393 | Lair:1   | Killed a seven-headed hydra
 10806 | Lair:1   | Received a gift from Okawaru
 11125 | Lair:1   | Received a gift from Okawaru
 11315 | Lair:1   | Noticed Harold
 11341 | Lair:1   | Demolished by a komodo dragon

Vault maps used:
D:1:      dpeg_arrival_simpleton_b, hangedman_abyss_or_decor_lesser_grid,
          fountainhead, minmay_tripent
D:2:      nicolae_dithmenos_through_a_glass_darkly, first_bread
D:3:      uniq_jessica
D:4:      lemuel_crystal_altar, minmay_temple_entry_junction,
          wad_floor_pattern_untrapped, uniq_blork_the_orc
D:5:      lemuel_round_altar, xom_redecorated, uniq_duvessa, uniq_sigmund
D:6:      uniq_edmund
D:7:      the_bakery, okawaru_ov_weapons_minmay, uniq_pikel
D:8:      nicolae_overflow_hidden_temple, serial_shops, shop
D:9:      overflow_temple_1_default, basic_altar, minivault_14,
          serial_bayou_pond_a
D:10:     minmay_misc_feat_five, uniq_urug
D:11:     dpeg_lair_monsters, minmay_unpleasant_kobolds
Temple:   eino_temple_rhombus
Lair:1:   nicolae_volcano_entry_hallway, beast_lair_carwin_6, lemuel_fruit_tree,
          grunt_megastairs_2, uniq_harold
Lair:2:   worms_lemuel

Skill      XL: |  1  2  3  4  5  6  7  8  9 10 11 |
---------------+----------------------------------+-----
Fighting       | 4 5 6 8 9 10 | 10.4
Throwing       | 1 2 3 4 5 |  5.3
Armour         | 4 5 6 7 8 9 10 | 10.3
Maces & Flails | 3 4 5 6 8 9 |  9.1
Shields        | 4 5 6 7 |  7.3
Evocations     | 1 2 3 4 |  4.8
Invocations    | 1 3 |  3.5

Action                   |  1- 3 |  4- 6 |  7- 9 | 10-12 || total
-------------------------+-------+-------+-------+-------++-------
Melee: Flail             |   162 |   184 |   384 |   553 ||  1283
       Headbutt          |       |       |    55 |   103 ||   158
       Mace              |       |       |     6 |       ||     6
Throw: Tomahawk          |       |     4 |    19 |    24 ||    47
       Stone             |       |       |     3 |       ||     3
Evoke: Wand              |       |     8 |     7 |     8 ||    23
  Use: Potion            |       |       |    10 |     4 ||    14
       Scroll            |       |       |    10 |     6 ||    16
 Stab: Invisible         |       |       |     1 |       ||     1
       Paralysed         |       |       |       |    10 ||    10
  Eat: Chunk             |     1 |     5 |    13 |    11 ||    30
       Fruit             |       |       |       |     1 ||     1
       Meat ration       |       |       |       |     1 ||     1
Armor: Scale mail        |   121 |    98 |   173 |    35 ||   427
       Skin              |       |       |     5 |       ||     5
       Plate armour      |       |       |       |   308 ||   308
Dodge: Dodged            |    64 |    62 |   115 |   112 ||   353
Block: Shield            |   113 |    91 |   173 |   294 ||   671

Table legend:
 A = Spawn XP
 B = Non-spawn XP
 C = Spawn XP percentage of total XP
 D = Spawn monster count
 E = Non-spawn monster count
 F = Spawn count percentage of total count
 G = Total turns spent on level
                    A         B        C        D         E        F      G
               +---------+---------+-------+---------+---------+-------+---------
         Total |       0 |   17954 |   0.0 |       0 |     252 |   0.0 | 11341
               +---------+---------+-------+---------+---------+-------+---------
           D:1 |       0 |      20 |   0.0 |       0 |      13 |   0.0 |   518
           D:2 |       0 |      56 |   0.0 |       0 |      19 |   0.0 |   454
           D:3 |       0 |     214 |   0.0 |       0 |      31 |   0.0 |  1058
           D:4 |       0 |     481 |   0.0 |       0 |      14 |   0.0 |   727
           D:5 |       0 |     787 |   0.0 |       0 |      11 |   0.0 |   967
           D:6 |       0 |    1117 |   0.0 |       0 |      23 |   0.0 |   840
           D:7 |       0 |    1846 |   0.0 |       0 |      23 |   0.0 |  1547
           D:8 |       0 |     493 |   0.0 |       0 |      12 |   0.0 |   783
           D:9 |       0 |    1553 |   0.0 |       0 |      28 |   0.0 |  1428
          D:10 |       0 |    1927 |   0.0 |       0 |      22 |   0.0 |   744
          D:11 |       0 |    5437 |   0.0 |       0 |      37 |   0.0 |   790
        Lair:1 |       0 |    4018 |   0.0 |       0 |      18 |   0.0 |  1311
        Lair:2 |       0 |       5 |   0.0 |       0 |       1 |   0.0 |    41
               +---------+---------+-------+---------+---------+-------+---------
